 Dungeon Sprint DCSS version 0.17-a0-1646-geb1493d (webtiles) character file.

436 nuthulu the Chucker (level 6, -2/67 HPs)
             Began as a Troll Hunter on Aug 10, 2015.
             Slain by a tentacle (23 damage)
             ... attached to a kraken
             ... in the Dungeon (Sprint II: "The Violet Keep of Menkaure").
             The game lasted 00:02:56 (417 turns).

nuthulu the Chucker (Troll Hunter)                   Turns: 417, Time: 00:02:57

Health: -2/67      AC:  9    Str: 21    XL:     6   Next: 69%
Magic:  5/5        EV: 12    Int:  7    God:
Gold:   26         SH:  0    Dex: 12    Spells: 0 memorised, 5 levels left

rFire  . . .     SeeInvis .       - Unarmed
rCold  . . .     Clarity  .     m - +2 troll leather armour
rNeg   . . .     SustAt   .     (no shield)
rPois  .         Gourm    +     (helmet restricted)
rElec  .         Spirit   .     (no cloak)
rCorr  .         Warding  .     (gloves unavailable)
rMut   .         NoTele   +     (boots unavailable)
MR     .....                    (no amulet)
Stlth  +.........               (no ring)
                                (no ring)

@: not resistant to hostile enchantments, very unstealthy
A: unfitting armour, claws 3, fast metabolism 3, gourmand, regeneration 2,
shaggy fur 1, tough skin 2
a: no special abilities


You were in the Dungeon.
You were very full.

You visited 1 branch You collected 729 gold pieces.
You spent 703 gold pieces at shops.

Inventory:

Missiles
 b - 2 throwing nets (quivered)
Armour
 d - a +0 robe
 m - a +2 troll leather armour (worn)
Scrolls
 k - 2 scrolls of blinking
Potions
 f - 2 potions of curing
 g - a potion of heal wounds
 h - 2 potions of haste
 i - 2 potions of magic
 j - a potion of berserk rage
 l - a potion of might
Comestibles
 c - 2 chunks of flesh
 e - 2 bread rations


   Skills:
 + Level 6.1 Fighting
 + Level 7.6 Throwing
 + Level 6.2 Dodging
 - Level 0.4 Stealth
 + Level 7.2 Unarmed Combat


You had 5 spell levels left.
You didn't know any spells.

Dungeon Overview and Level Annotations

Branches:
Dungeon (1/1)

Altars:

Shops:
D !:%[==[*?[(!::}}

Annotations:
D exclusions: oklob plant and orange crystal statue


Innate Abilities, Weirdness & Mutations

You are too large for most types of armour.
You have claws for hands.
Your metabolism is lightning-fast.
You like to eat raw meat.
You heal very quickly.
You are covered in fur (AC +1).
You have very tough skin (AC +2).


Message History

The kraken is lightly wounded.
You hear a splash.
Throwing (i - inventory. (,) - cycle):
a - a large rock (quivered)
Press: ? - help, Shift-Dir - straight line, f/p - kraken
Aim: a kraken (water, lightly wounded)
You throw a large rock. The large rock hits the tentacle.
The tentacle is lightly wounded.
You hear a splash.
Really walk into a travel-excluded area?
The tentacle slaps you!
There is an open door, spattered with blood here.
The tentacle slaps you!!
Unknown command.
You scratch the tentacle.
The tentacle is lightly wounded.
The tentacle slaps you!
You claw the tentacle!
The tentacle is moderately wounded.
The tentacle closely misses you. The tentacle slaps you!!
You die...

############≈≈#+++#+++##
###########≈≈≈w.w......#
##.∩.∩....#≈≈≈wX##+##..#
##..∩.∩...#≈≈≈{##...##
##...∩.∩..#≈≈{≈#..#..#
##....∩.⌠.#≈{####.).####
##...∩.∩..#{##. ##'###.#
##..∩.∩...#{#$B.##.##..##
##.∩.∩...@w≈+ #+.<.'##.+
##∩.∩.....#≈#..B##.##..##
#▓▓▓▓▓▓▓###≈##. ##'###.#
##$.J######≈≈####.#.####
#).l#s$ ##≈≈≈#..##.#
#∩P=+)s#+ #+#≈##..### ≈
#((.#?##. #≈≈##+##≈≈≈§
#?.$###.. ##≈≈≈≈≈≈≈§§§≈
##+###.§.. #+++#+++#§§≈


You could see a kraken, a very large slime creature, an oklob plant, 4 tentacles
and a wyvern.

Vanquished Creatures
  A siren (D)
  4 worker ants (D)
  3 worms (D)
8 creatures vanquished.

Vanquished Creatures (others)
  Menkaure (D)
  94 tentacle segments (D)
95 creatures vanquished.

Grand Total: 103 creatures vanquished

Notes
Turn   | Place    | Note
--------------------------------------------------------------
     0 | D        | nuthulu the Troll Hunter began the quest for the Orb.
     0 | D        | Reached XP level 1. HP: 19/19 MP: 0/0
     2 | D        | Noticed a boulder beetle
     2 | D        | Noticed a boulder beetle
     5 | D        | Noticed a siren
    14 | D        | Killed a siren
    14 | D        | Reached skill level 5 in Fighting
    14 | D        | Reached skill level 7 in Throwing
    14 | D        | Reached skill level 5 in Dodging
    14 | D        | Reached XP level 2. HP: 20/36 MP: 1/1
    14 | D        | Reached XP level 3. HP: 24/44 MP: 2/2
    14 | D        | Reached XP level 4. HP: 28/52 MP: 3/3
    14 | D        | Reached XP level 5. HP: 31/59 MP: 4/4
    14 | D        | Reached XP level 6. HP: 35/67 MP: 5/5
    44 | D        | Killed Menkaure
   174 | D        | Noticed a worker ant
   174 | D        | Noticed a worker ant
   174 | D        | Noticed a worker ant
   174 | D        | Noticed a worker ant
   181 | D        | Killed a worker ant
   185 | D        | Killed a worker ant
   189 | D        | Killed a worker ant
   192 | D        | Killed a worker ant
   321 | D        | Noticed an orange crystal statue
   323 | D        | Noticed a kraken
   343 | D        | Noticed a lava snake
   343 | D        | Noticed a lava snake
   345 | D        | Noticed a lava snake
   347 | D        | Found Ischiw's Gadget Emporium.
   348 | D        | Found Qodog's Book Emporium.
   348 | D        | Found Hupsal's Book Shoppe.
   349 | D        | Found Ampub's Antique Weapon Emporium.
   349 | D        | Found Hedu's Antique Armour Shoppe.
   349 | D        | Found Ralioto's Gadget Shoppe.
   349 | D        | Found Baahe Fowewu's Magic Scroll Emporium.
   350 | D        | Found Zonedghi's Antique Armour Emporium.
   350 | D        | Found Xacat's Jewellery Shoppe.
   350 | D        | Found Doykhed's Distillery.
   350 | D        | Found Kuhoelos's Jewellery Shoppe.
   350 | D        | Noticed a slime creature
   351 | D        | Found Jiguir's Assorted Antiques.
   353 | D        | Found Teyrauz's Antique Armour Shoppe.
   353 | D        | Found Jagipt's Food Emporium.
   353 | D        | Noticed a slime creature
   353 | D        | Noticed a slime creature
   353 | D        | Noticed an oklob plant
   354 | D        | Found Pyacures's Distillery.
   354 | D        | Found Isusirig's Book Shoppe.
   356 | D        | Noticed a wyvern
   359 | D        | Noticed a redback
   361 | D        | Noticed a redback
   361 | D        | Noticed a wyvern
   363 | D        | Bought a potion of might for 56 gold pieces
   377 | D        | Bought a scroll of blinking for 97 gold pieces
   386 | D        | Bought a runed troll leather armour for 420 gold pieces
   399 | D        | Bought a potion of haste for 100 gold pieces
   399 | D        | Bought a potion of curing for 30 gold pieces
   417 | D        | Slain by a tentacle

Vault maps used:
D:        the_violet_keep_of_menkaure

Action                   |  1- 3 |  4- 6 || total
-------------------------+-------+-------++-------
Melee: Unarmed           |     2 |    33 ||    35
Throw: Large rock        |     5 |     5 ||    10
       Throwing net      |     1 |       ||     1
  Eat: Chunk             |       |     7 ||     7
